AoeStats
← Mind

Pilgrims

507027547Analyzed
2v2 RM · 17d ago on Sep 16, 2026· 42m 4s· 4 players
Game mode
Random Map
Map size
Medium (4 player)
Population
200
Speed
Normal
Resources
Standard
Victory
Conquest
Starting age
Dark Age
Ending age
Imperial Age
RankedLock teamsTeams togetherTeam positionsShared explorationLock speedFull tech treeHidden civsTurbo modeCheats
Victory
Defeat
🇲🇽 Huns · Mexico
971
+14
🇳🇿 Hindustanis · New Zealand
970
+14
🇩🇰 Vietnamese · Denmark
944
-44
🇩🇰 Burgundians · Denmark
903
-37
Mind
9:49 Loom
12:02 Feudal Age
12:28 Horse Collar
12:40 Double-Bit Axe
16:27 Wheelbarrow
16:01 Fishing Lines
20:57 Padded Archer Armor
22:11 Fletching
22:57 Gold Mining
23:21 Forging
28:22 Castle Age
26:11 Town Watch
28:03 Scale Mail Armor
28:32 Crossbowman
29:17 Thumb Ring
29:36 Bodkin Arrow
30:34 Thumb Ring
34:26 Husbandry
34:58 Scale Barding Armor
36:24 Elite Skirmisher
39:48 Gillnets
41:22 Squires
40:42 Pikeman
sortie
9:53 Loom
11:54 Feudal Age
22:53 Castle Age
25:05 Husbandry
25:15 Double-Bit Axe
25:59 Cavalier
28:01 Wheelbarrow
35:44 Medium Warships
40:30 Hand Cart
dafr1997
8:30 Loom
10:29 Feudal Age
15:11 Scale Barding Armor
15:21 Forging
18:53 Bloodlines
20:17 Wheelbarrow
22:47 Castle Age
23:04 Town Watch
24:05 Double-Bit Axe
24:31 Husbandry
24:57 Chain Barding Armor
25:15 Iron Casting
24:24 Horse Collar
24:46 Gold Mining
26:54 Bow Saw
28:36 Town Patrol
30:03 Pikeman
30:43 Squires
31:55 Gold Shaft Mining
32:12 Heavy Plow
35:28 Scale Mail Armor
40:00 Imperial Age
37:52 Marauders
40:06 Capped Ram
41:51 Conscription
42:21 Hand Cart
Wrecking Ball Paul
15:39 Feudal Age
13:56 Loom
17:19 Man-at-Arms
18:04 Gold Mining
18:01 Double-Bit Axe
17:58 Horse Collar
19:41 Scale Mail Armor
19:52 Forging
19:29 Fishing Lines
27:49 Castle Age
26:49 Wheelbarrow
28:44 Stone Mining
29:07 Demolition Ship
30:00 Medium Warships
29:41 Gillnets
30:27 Padded Archer Armor
30:55 Bloodlines
30:46 Husbandry
30:58 Scale Barding Armor
31:29 Iron Casting
31:53 Hand Cart
31:54 Bow Saw
31:47 Heavy Plow
39:33 Chain Barding Armor
39:31 Chain Mail Armor
42:42 Imperial Age
40:25 Grand Trunk Road
Connection lost

Rejoining the realm…

Still unreachable

The connection could not be restored.

Session expired

The server has moved on; the page needs a fresh start.